AoeStats
← Steffels

Arabia

510157275Analyzed
1v1 RM · 2d ago on Sep 29, 2026· 20m 10s· 2 players
Game mode
Random Map
Map size
Tiny (2 player)
Population
200
Speed
Normal
Resources
Standard
Victory
Conquest
Starting age
Dark Age
Ending age
Imperial Age
RankedLock teamsTeams togetherTeam positionsShared explorationLock speedFull tech treeHidden civsTurbo modeCheats
Victory
Defeat
🇧🇪 Varangians · Belgium
1080
+15
🇸🇪 Cumans · Sweden
1059
-15
robban
8:40 Feudal Age
10:17 Man-at-Arms
13:35 Fletching
17:58 Loom
Steffels
6:17 Loom
9:42 Feudal Age
10:33 Double-Bit Axe
10:30 Horse Collar
17:54 Fletching
Connection lost

Rejoining the realm…

Still unreachable

The connection could not be restored.

Session expired

The server has moved on; the page needs a fresh start.